 Dungeon Crawl Stone Soup version 0.16-a0-4115-ga5ed934 (webtiles) character file.

504 McCoppin the Quickloader (level 7, -3/50 HPs)
             Began as a Formicid Hunter on Mar 1, 2015.
             Was an Initiate of Okawaru.
             Slain by a goliath beetle (6 damage)
             ... on level 5 of the Dungeon on Mar 2, 2015.
             The game lasted 00:18:09 (6322 turns).

McCoppin the Quickloader (Formicid Hunter)          Turns: 6322, Time: 00:18:09

Health: -3/50      AC: 12    Str: 19    XL:     7   Next: 41%
Magic:  18/18      EV:  7    Int: 14    God:    Okawaru [......]
Gold:   105        SH:  0    Dex: 11    Spells: 0 memorised, 6 levels left

rFire  . . .     SeeInvis +     a - +0 whip
rCold  . . .     Clarity  .     A - +3 chain mail
rNeg   . . .     SustAb   .     (no shield)
rPois  .         Gourm    .     (helmet unavailable)
rElec  .         Spirit   .     (no cloak)
rCorr  .         Warding  .     o - +0 pair of gloves
rMut   .         Stasis   +     (no boots)
MR     .....                    (no amulet)
Stlth  ..........               n - ring of magical power
                                i - +4 ring of intelligence

@: very slightly contaminated, invisible, not resistant to hostile enchantments,
extremely unstealthy
A: permanent stasis, dig shafts and tunnels, four strong arms, antennae 3
a: Dig, Shaft Self, Renounce Religion


You were on level 5 of the Dungeon.
You worshipped Okawaru.
Okawaru was noncommittal.
You were not hungry.

You visited 1 branch of the dungeon, and saw 5 of its levels.

You collected 105 gold pieces.

Inventory:

Hand weapons
 a - a +0 whip (weapon)
 b - a +1 hand crossbow
 m - a +0 short sword
Armour
 d - a +0 leather armour
 o - a +0 pair of gloves (worn)
 y - a +0 scale mail
 A - a +3 chain mail (worn)
Jewellery
 i - a +4 ring of intelligence (left hand)
 n - a ring of magical power (right hand)
 u - an uncursed amulet of rage
Scrolls
 e - 8 scrolls of identify {unknown}
 h - 4 scrolls of remove curse {unknown}
 k - 4 scrolls of teleportation {unknown}
 r - a scroll of recharging {unknown}
 w - a scroll of immolation {unknown}
Potions
 p - a potion of ambrosia {unknown}
 s - a potion of poison {unknown}
 t - a potion of resistance {unknown}
Comestibles
 j - a royal jelly
 q - a beef jerky
 v - a slice of pizza
 z - 2 meat rations


   Skills:
 - Level 2.1 Fighting
 + Level 8.4 Crossbows
 - Level 1.7 Dodging
 - Level 1.2 Stealth


You had 6 spell levels left.
You didn't know any spells.

Dungeon Overview and Level Annotations

Branches:
Dungeon (5/15)
 Temple: D:4-7

Altars:
Makhleb
Okawaru
Sif Muna
Vehumet

Annotations:
D:2 Sigmund


Innate Abilities, Weirdness & Mutations

You are under a permanent stasis effect.
You can dig through walls and to a lower floor.
Your four strong arms can wield two-handed weapons with a shield.
You have a pair of large antennae on your head (SInv).


Message History

The goliath beetle is severely wounded.
You hit the goliath beetle but do no damage.
The goliath beetle is severely wounded.
The goliath beetle bites you.
* * * LOW HITPOINT WARNING * * *
You hit the goliath beetle.
The goliath beetle is severely wounded.
The goliath beetle bites you but does no damage.
You hit the goliath beetle.
The goliath beetle is almost dead.
You hit the goliath beetle but do no damage.
The goliath beetle is almost dead.
The goliath beetle bites you!
* * * LOW HITPOINT WARNING * * *
You hit the goliath beetle but do no damage.
The goliath beetle is almost dead.
You hit the goliath beetle.
The goliath beetle is almost dead.
The goliath beetle bites you.
You die...

#..#
#..####
####.....#
#....###.#
#....# #.#
#...## #.#
##.## #.#
#.# #.# #.#
#@# #.# #B#
#.#####.#.#
#.<....(..#
#######.###
#(# #(# #((
###


You could see a goliath beetle.

Vanquished Creatures
  The ghost of emiel the Ruffian, an average NaMo (D:4)
  A black bear (D:3)
  An iguana (D:4)
  5 gnolls
  11 adders
  A giant mite (D:2)
  3 worms
  A giant gecko (D:2)
  2 oozes
  3 orcs
  5 bats
  6 giant cockroaches
  15 goblins
  9 hobgoblins
  2 kobolds
  2 quokkas (D:2)
  3 giant newts
  8 rats
79 creatures vanquished.

Vanquished Creatures (others)
  2 orc wizards (D:4)
  An orc (D:4)
3 creatures vanquished.

Grand Total: 82 creatures vanquished

Notes
Turn   | Place    | Note
--------------------------------------------------------------
     0 | D:1      | McCoppin, the Formicid Hunter, began the quest for the Orb.
     0 | D:1      | Reached XP level 1. HP: 16/16 MP: 1/1
    76 | D:1      | Reached XP level 2. HP: 22/22 MP: 3/3
   689 | D:1      | Reached XP level 3. HP: 15/27 MP: 4/4
  1043 | D:2      | Reached skill level 5 in Crossbows
  1107 | D:2      | Noticed Sigmund
  1836 | D:3      | Reached XP level 4. HP: 15/33 MP: 5/5
  2068 | D:3      | Noticed a black bear
  2931 | D:2      | Reached XP level 5. HP: 29/38 MP: 7/7
  3019 | D:2      | Reached skill level 6 in Crossbows
  3117 | D:2      | Found a burning altar of Makhleb.
  4977 | D:3      | Found a deep blue altar of Sif Muna.
  4988 | D:3      | Killed a black bear
  4988 | D:3      | Reached skill level 7 in Crossbows
  4988 | D:3      | Reached XP level 6. HP: 34/44 MP: 8/8
  5340 | D:4      | Found an iron altar of Okawaru.
  5346 | D:4      | Became a worshipper of Warmaster Okawaru
  5373 | D:4      | Found a radiant altar of Vehumet.
  5814 | D:4      | Noticed emiel's ghost (average NaMo)
  5959 | D:4      | Killed emiel's ghost
  5959 | D:4      | Reached skill level 8 in Crossbows
  5959 | D:4      | Reached XP level 7. HP: 50/50 MP: 9/9
  6273 | D:5      | Entered Level 5 of the Dungeon
  6320 | D:5      | HP: 2/50 [goliath beetle (7)]
  6322 | D:5      | Slain by a goliath beetle

Action                   |  1- 3 |  4- 6 |  7- 9 || total
-------------------------+-------+-------+-------++-------
Melee: Short sword       |    75 |    84 |       ||   159
       Whip              |       |    93 |    39 ||   132
 Fire: Hand crossbow     |    37 |    97 |    20 ||   154
  Use: Potion            |       |     4 |     2 ||     6
 Stab: Invisible         |       |       |     2 ||     2
  Eat: Bread ration      |     1 |     1 |     1 ||     3
       Chunk             |       |     2 |       ||     2
       Meat ration       |       |     1 |       ||     1
